omghax, neutral male scurrid Tourist Z.. .@. ... omghax the Rambler Experience level: 1 Strength: 12 Dexterity: 9 Constitution: 14 Intelligence: 13 Wisdom: 7 Charisma: 23 Health: 0(9) Energy: 2(2) Def: 0 Gold: 1193 Moves: 39 Dungeon seed: 2q0EjYCKMqX4AxIk Game ID: omghax_1498613381 Your Inventory: Coins $ - 1193 gold pieces Weapons a - 42 uncursed +2 darts (in quiver) Armor e - an uncursed +0 Hawaiian shirt (being worn) Comestibles b - 3 uncursed eggs c - 5 uncursed food rations d - an uncursed tin of lichen f - an uncursed clove of garlic g - an uncursed tripe ration h - an uncursed tin of jackal meat Scrolls k - 3 uncursed scrolls of magic mapping l - a blessed scroll of magic mapping Potions i - an uncursed potion of extra healing j - a blessed potion of extra healing Wands o - an uncursed wand of secret door detection (0:11) Tools m - an uncursed expensive camera (0:65) n - an uncursed credit card p - an uncursed towel Spells and supernatural/magical abilities: Name Level Category Fail Memory W - pray for help -- divine ? -- Your skills at the end: Miscellaneous Skills wands [Basic] Weapon Skills dart [Basic] Spellcasting Skills Final Attributes: You were devoutly aligned. You had infravision. You were very stealthy. You are dead. Vanquished creatures: a newt Voluntary challenges: You went without food. You did not adorn yourself with jewelry or accessories. You did not cause conflict. You were not invisible. You did not have reflection. You were not displaced. You were an atheist. You never hit with a wielded weapon. You were a pacifist. You did not use tools. You did not use plumbed fixtures. You did not drink any magical draughts. You were illiterate. You never genocided any monsters. You never polymorphed an object. You never changed form. You used no wishes. You never split a pudding. You never wrote Elbereth's name. You never violated your personal moral code. Dungeon overview: The Dungeons of Doom: levels 1 to 15 Level 1 a fountain a long staircase Level 2 a general store Level 3 Level 4 Level 5 Level 6 an armor shop Level 7 Level 8 Level 9 a fountain Level 10 Level 11 Level 12 Level 13 Level 14 Level 15 <- You were here History has recorded: On T:1 you entered the Dungeons of Doom to retrieve the Amulet of Yendor! On T:4 you reached level 2 of The Dungeons of Doom. On T:7 you reached level 3 of The Dungeons of Doom. On T:9 you reached level 4 of The Dungeons of Doom. On T:11 you reached level 5 of The Dungeons of Doom. On T:13 you reached level 6 of The Dungeons of Doom. On T:16 you reached level 7 of The Dungeons of Doom. On T:18 you reached level 8 of The Dungeons of Doom. On T:20 you reached level 9 of The Dungeons of Doom. On T:22 you reached level 10 of The Dungeons of Doom. On T:26 you reached level 11 of The Dungeons of Doom. On T:28 you reached level 12 of The Dungeons of Doom. On T:31 you reached level 13 of The Dungeons of Doom. On T:33 you reached level 14 of The Dungeons of Doom. On T:35 you reached level 15 of The Dungeons of Doom. On T:35 you entered the Rogue tribute level. Score breakdown: Gold: 340 ( 34 points) Experience: 1 level ( 0 points) Exploration: 15 levels ( 420 points) Discoveries: 0 items ( 0 points) Variety of kills: 1 monster ( 50 points) Major goal: (nothing yet) ( 0 points) Survival: died (score multiplied by 3) Total score: 1512 Latest messages: You fall through... You receive a faint telepathic message from Twoflower: Your help is urgently needed at Ankh-Morpork! Look for a ...ic transporter. You couldn't quite make out that last message. You start digging downward. You continue digging downward. You dig a pit in the floor. You continue digging downward. You dig a hole through the floor. You fall through... You start digging downward. You continue digging downward. You dig a pit in the floor. You continue digging downward. You dig a hole through the floor. You fall through... You enter what seems to be an older, more primitive world. The ghoul scratches you! You are frozen by the ghoul! The ghoul scratches you! (5x) You die... Final status: Aloha omghax the Tourist, killed by a ghoul, while paralyzed by a monster's touch... You died in The Dungeons of Doom on dungeon level 15 with 1512 points, and 1193 pieces of gold, after 39 moves. You were level 1 with a maximum of 9 hit points when you died.